Map: Emerald City LE

Players

sanchez - Winner!

  • Race: Protoss Protoss
  • Spawn Location: 5:00

Dukakes - Winner!

  • Race: Protoss Protoss
  • Spawn Location: 5:00

Massa

  • Race: Terran Terran
  • League: Gold
  • Spawn Location: 11:00

qqq

  • Race: Zerg Zerg
  • League: Platinum
  • Spawn Location: 11:00

VOD

Have the link to the VOD?

Description

Time

  • Played on: June 2, 2020, 12:56 p.m.
  • Length: 12:31
Show
View Real Time Build Order
Export as new Build Order

sanchez Protoss - Winner!

Build Orders:  

Get SALT Encoding   

  12  0:00  Probe  
  13  0:12  Probe  
  14  0:23  Pylon  
  14  0:25  Probe  
  15  0:41  Probe (Chrono Boost)  
  16  0:45  Gateway  
  17  0:51  Probe (Chrono Boost)  
  17  0:56  Probe (Chrono Boost), Assimilator  
  18  1:07  Probe  
  19  1:19  Probe  
  20  1:31  Probe  
  21  1:37  Cybernetics Core  
  21  1:44  Probe  
  22  1:56  Probe  
  22  1:59  Nexus  
  22  2:00  Pylon  
  23  2:16  Adept (Chrono Boost)  
  23  2:19  Probe  
  23  2:22  Warp Gate (Chrono Boost)  
  26  2:25  Pylon  
  26  2:31  Probe  
  26  2:32  Assimilator  
  26  2:35  Pylon  
  27  2:43  Probe  
  28  2:52  Stalker (Chrono Boost)  
  28  2:55  Probe  
  31  3:00  Robotics Facility  
  31  3:07  Probe, Gateway  
  31  3:11  Probe  
  33  3:19  Probe  
  34  3:20  Sentry (Chrono Boost)  
  37  3:31  Probe  
  37  3:37  Probe  
  37  3:38  Twilight Council  
  38  3:43  Probe  
  38  3:47  Observer  
  40  3:53  Probe  
  41  3:58  Pylon  
  41  4:07  Gateway  
  41  4:08  Gateway  
  41  4:10  Probe  
  41  4:11  Forge  
  41  4:15  Observer  
  43  4:17  Stalker x2  
  43  4:18  Probe  
  48  4:25  Probe, Assimilator  
  49  4:32  Probe  
  49  4:37  Probe  
  51  4:41  Pylon  
  49  4:52  Stalker  
  49  4:53  Stalker  
  42  5:16  Probe  
  42  5:17  Probe  
  43  5:28  Pylon  
  43  5:29  Probe  
  43  5:30  Pylon  
  40  5:47  Stalker x2  
  44  5:53  Zealot  
  44  5:59  Immortal (Chrono Boost)  
  46  6:12  Probe  
  46  6:13  Probe  
  46  6:16  Protoss Ground Weapons Level 1 (Chrono Boost), Stalker x4  
  56  6:25  Probe x2  
  56  6:31  Immortal (Chrono Boost)  
  56  6:37  Probe x2  
  62  6:45  Pylon  
  62  6:46  Stalker x2  
  66  6:47  Zealot  
  66  6:48  Zealot  
  70  7:03  Probe x2  
  72  7:25  Warp Prism  
  60  8:24  Immortal (Chrono Boost)  
  60  8:25  Stalker x4  
  66  8:58  Stalker x3  
  66  8:59  Stalker  
  66  9:00  Immortal (Chrono Boost)  
  72  9:26  Assimilator  
  72  9:29  Gateway, Stalker x2  
  72  9:30  Gateway, Stalker  
  78  9:34  Protoss Ground Weapons Level 2 (Chrono Boost)  
  78  9:36  Pylon x2  
  78  9:38  Pylon  
  78  9:50  Nexus  
  78  9:51  Immortal (Chrono Boost)  
  78  9:53  Pylon  
  78  9:54  Pylon  
  78  9:57  Zealot x3  
  78  9:58  Zealot  
  90  10:01  Charge (Chrono Boost)  
  90  10:09  Probe x2  
  92  10:22  Zealot, Stalker x2  
  92  10:23  Zealot, Immortal (Chrono Boost)  
  104  10:43  Zealot x2  
  104  10:44  Stalker x2  
  112  10:54  Immortal (Chrono Boost)  
  116  10:59  Assimilator  
  116  11:02  Pylon  
  116  11:10  Zealot x2, Stalker x2  
  116  11:11  Stalker x2  
  122  11:52  Zealot x4  
  122  11:53  Zealot x2  
  76  12:26  Stalker x4  
  76  12:27  Stalker x2  
Show
View Real Time Build Order
Export as new Build Order

Dukakes Protoss - Winner!

Build Orders:  

Get SALT Encoding   

  12  0:01  Probe  
  13  0:18  Probe  
  14  0:23  Pylon  
  14  0:30  Probe  
  15  0:42  Gateway  
  15  0:49  Forge  
  15  0:58  Probe (Chrono Boost)  
  16  1:08  Probe (Chrono Boost)  
  17  1:18  Assimilator  
  17  1:35  Photon Cannon x2  
  17  1:41  Cybernetics Core  
  17  1:53  Probe  
  18  1:57  Assimilator  
  18  2:01  Pylon  
  18  2:05  Probe  
  19  2:17  Probe  
  20  2:25  Nexus  
  20  2:31  Probe (Chrono Boost)  
  20  2:32  Warp Gate (Chrono Boost)  
  21  2:41  Probe (Chrono Boost)  
  22  2:46  Probe (Chrono Boost)  
  22  2:49  Gateway  
  23  2:59  Gateway  
  23  3:08  Gateway  
  23  3:15  Adept  
  25  3:25  Protoss Shields Level 1  
  25  3:37  Probe (Chrono Boost)  
  27  3:44  Probe (Chrono Boost)  
  28  3:49  Probe (Chrono Boost), Pylon  
  28  3:53  Probe (Chrono Boost)  
  28  3:54  Probe (Chrono Boost)  
  30  4:03  Robotics Facility  
  30  4:04  Probe  
  31  4:12  Probe  
  31  4:14  Adept  
  31  4:16  Probe  
  35  4:18  Adept  
  35  4:23  Adept  
  39  4:28  Adept  
  41  4:31  Probe  
  41  4:33  Probe  
  43  4:43  Probe  
  43  4:45  Probe  
  45  4:55  Probe  
  45  4:57  Probe, Sentry x3  
  49  5:21  Adept x2  
  49  5:26  Pylon  
  49  5:28  Pylon  
  53  5:30  Protoss Ground Weapons Level 1 (Chrono Boost)  
  53  5:48  Adept x2  
  53  5:49  Adept x2  
  61  6:13  Adept x4  
  69  6:23  Probe (Chrono Boost)  
  70  6:29  Pylon  
  70  6:31  Pylon  
  70  6:32  Pylon  
  70  6:33  Pylon  
  70  6:46  Assimilator  
  70  6:47  Probe, Immortal  
  70  6:50  Assimilator  
  70  6:51  Adept  
  70  6:52  Adept x3  
  83  6:59  Probe  
  84  7:11  Probe  
  85  7:24  Adept x4  
  91  7:37  Warp Prism  
  53  9:14  Adept  
  53  9:15  Adept x3  
  51  9:19  Probe  
  51  9:22  Immortal  
  56  9:25  Robotics Facility  
  56  9:31  Protoss Ground Armor Level 1 (Chrono Boost)  
  56  9:32  Twilight Council  
  56  9:37  Pylon  
  56  9:39  Pylon  
  56  9:41  Adept x3  
  56  9:42  Adept  
  64  9:53  Resonating Glaives (Chrono Boost)  
  64  10:01  Adept x2  
  64  10:02  Adept x2  
  72  10:10  Immortal (Chrono Boost)  
  72  10:11  Immortal (Chrono Boost)  
  80  10:19  Forge  
  80  10:27  Gateway  
  80  10:28  Gateway  
  80  10:29  Adept x2  
  80  10:30  Adept x2  
  88  10:49  Nexus  
  88  10:50  Adept x4  
  88  10:56  Immortal  
  104  10:57  Immortal  
  104  11:10  Pylon  
  104  11:12  Pylon, Sentry x4  
  104  11:14  Pylon  
  104  11:15  Pylon  
  112  11:32  Adept x2  
  116  11:35  Adept  
  116  11:36  Adept x3  
  124  12:00  Adept  
  124  12:01  Adept x3  
  116  12:02  Adept x2  
  100  12:24  Adept x6  
Show
View Real Time Build Order
Export as new Build Order

Massa Terran 

Build Orders:  

Get SALT Encoding   

  12  0:11  Supply Depot  
  12  0:13  SCV  
  13  0:26  SCV  
  14  0:37  Barracks  
  14  0:39  SCV  
  15  0:52  SCV  
  16  1:03  Barracks  
  16  1:04  SCV  
  17  1:20  SCV  
  18  1:32  SCV  
  19  1:41  Marine  
  19  1:44  SCV  
  21  1:47  Supply Depot  
  21  1:51  Marine  
  21  1:53  Barracks  
  22  1:59  Marine  
  22  2:00  Refinery  
  23  2:09  Marine  
  23  2:11  Barracks  
  24  2:17  Marine  
  25  2:25  Orbital Command  
  25  2:27  Marine  
  26  2:35  Marine  
  27  2:37  Supply Depot  
  27  2:45  Marine  
  27  2:46  Marine  
  29  2:52  Marine  
  30  2:59  Marine  
  30  3:03  Marine x2  
  30  3:04  Supply Depot  
  33  3:10  Marine  
  34  3:17  Marine  
  35  3:20  Marine  
  35  3:21  Marine  
  37  3:28  Marine  
  38  3:35  Marine  
  38  3:37  Supply Depot  
  38  3:38  Marine  
  38  3:39  Marine  
  41  3:46  Marine  
  42  3:53  Marine  
  43  3:56  Marine  
  43  3:57  Marine  
  45  4:04  Marine  
  46  4:10  Marine  
  46  4:14  Marine  
  46  4:15  Marine  
  49  4:18  Factory  
  49  4:22  Marine  
  50  4:29  Barracks Tech Lab  
  50  4:32  Marine x2  
  52  4:39  Marine  
  44  5:02  Marine  
  44  5:03  Marine x3  
  33  5:20  Marine x3  
  33  5:21  Marine  
  36  5:30  Factory Tech Lab, Command Center  
  34  5:38  Marine x4  
  37  5:56  Marine x4  
  35  6:14  Marine x3  
  35  6:15  Siege Tank  
  35  6:16  SCV  
  41  6:28  SCV  
  42  6:41  SCV  
  42  6:43  Orbital Command  
  43  6:48  Barracks  
  43  6:53  SCV  
  44  7:05  SCV  
  45  7:14  Engineering Bay  
  45  7:15  Command Center  
  44  7:17  SCV  
  45  7:26  Marine  
  45  7:27  Marine x3  
  45  7:29  SCV  
  50  7:31  Stimpack  
  50  7:38  Armory  
  50  7:41  Engineering Bay  
  48  7:44  Marine x2  
  48  7:45  Marauder  
  52  7:52  Marine x2  
  51  8:02  Marine  
  45  8:06  Marauder  
  45  8:09  Marine x2  
  45  8:10  Marine  
  45  8:12  Siege Tank  
  49  8:19  SCV  
  42  8:20  Marine  
  42  8:27  Marine x2  
  43  8:28  Marauder  
  43  8:29  Barracks Reactor  
  43  8:31  SCV  
  42  8:38  Marine  
  39  8:43  SCV  
  39  8:44  Marine  
  39  8:45  Marine  
  40  8:49  Marauder  
  41  8:55  SCV, Marine  
  41  9:02  Marine  
  42  9:03  Marine  
  42  9:08  Marine x2  
  44  9:11  Marauder  
  44  9:13  Marine  
  46  9:20  Marine  
  47  9:32  Command Center  
  47  9:41  Refinery  
  47  10:12  Factory  
  47  10:29  Terran Vehicle Weapons Level 1  
  47  10:31  Terran Infantry Armor Level 1, Terran Infantry Weapons Level 1  
  47  10:44  Marauder, Marine x3  
  47  10:46  Orbital Command  
  52  10:59  Siege Tank  
  52  11:01  Marine  
  56  11:05  Marauder  
  58  11:11  Refinery  
  58  11:27  Marauder  
  60  11:43  Supply Depot  
  60  11:53  Siege Tank  
  61  12:05  Supply Depot  
  52  12:13  Marine x5  
  39  12:29  Supply Depot  
Show
View Real Time Build Order
Export as new Build Order

qqq Zerg 

Build Orders: Hatch First 

Get SALT Encoding   

  12  0:02  Drone  
  13  0:09  Drone  
  14  0:40  Hatchery  
  13  0:50  Spawning Pool  
  12  0:58  Overlord  
  12  1:03  Drone  
  13  1:08  Drone  
  13  1:11  Extractor  
  13  1:21  Drone x2  
  15  1:33  Drone  
  16  1:41  Roach Warren  
  16  1:42  Drone  
  16  1:53  Queen  
  18  1:58  Drone  
  19  2:01  Drone  
  20  2:13  Queen  
  22  2:18  Drone  
  23  2:23  Roach  
  23  2:27  Drone  
  26  2:36  Overlord  
  26  2:38  Drone  
  26  2:40  Drone  
  28  2:48  Overlord  
  28  2:50  Extractor  
  28  2:51  Drone  
  28  2:54  Drone  
  29  3:03  Roach x2  
  33  3:12  Roach x2  
  37  3:14  Drone  
  37  3:17  Ravager  
  41  3:20  Roach  
  41  3:25  Roach  
  43  3:29  Overlord  
  43  3:33  Drone  
  44  3:44  Overlord  
  44  3:52  Roach  
  44  3:53  Roach x2  
  44  3:55  Drone  
  51  3:56  Drone  
  52  4:05  Roach  
  52  4:08  Drone  
  52  4:09  Drone  
  56  4:14  Roach  
  58  4:19  Lair  
  58  4:23  Overlord  
  58  4:25  Drone  
  58  4:29  Ravager  
  60  4:35  Overlord  
  60  4:36  Overlord  
  60  4:57  Roach x4  
  60  4:58  Drone, Roach x2  
  57  5:22  Roach x2  
  57  5:23  Drone  
  57  5:24  Roach x2  
  57  5:26  Ravager x2  
  68  5:46  Metabolic Boost  
  68  5:47  Zergling x6  
  68  5:48  Drone x2  
  67  6:18  Hatchery, Roach x4  
  73  6:23  Drone  
  73  6:24  Drone x3  
  78  6:27  Extractor  
  78  6:28  Extractor  
  78  6:31  Roach  
  78  6:42  Drone  
  78  6:43  Drone  
  78  6:44  Roach  
  82  6:48  Overlord  
  82  6:50  Glial Reconstitution  
  82  6:53  Drone x2  
  84  7:02  Hatchery  
  83  7:09  Roach x3  
  83  7:10  Overlord x2, Roach  
  91  7:37  Queen  
  91  7:39  Roach x2  
  91  7:40  Roach x2  
  101  7:52  Roach x3  
  101  7:53  Roach  
  101  7:54  Drone x3  
  99  8:12  Queen  
  82  8:28  Roach x6  
  82  8:30  Roach x5  
  106  9:10  Roach x7  
  106  9:11  Roach x2  
  106  9:12  Overlord x2  
  106  9:13  Overlord  
  114  9:23  Drone x3  
  114  9:24  Drone x3  
  120  9:25  Overlord  
  120  9:26  Overlord  
  120  9:27  Overlord x3  
  120  9:42  Roach x2  
  120  9:43  Drone x2  
  126  9:47  Queen  
  126  9:49  Drone x2  
  126  9:50  Roach x2  
  134  9:57  Overseer  
  134  9:58  Infestation Pit  
  134  9:59  Pneumatized Carapace  
  133  10:01  Roach x2  
  133  10:02  Drone x2  
  139  10:09  Evolution Chamber  
  139  10:11  Ravager x4  
  139  10:12  Ravager x2  
  144  10:36  Drone x5  
  144  10:37  Drone x2, Roach  
  144  10:38  Roach x7  
  167  10:51  Hive  
  167  11:01  Roach x5  
  167  11:02  Evolution Chamber  
  176  11:13  Roach  
  176  11:14  Drone, Roach  
  176  11:15  Drone x3  
  176  11:17  Extractor  
  183  11:19  Extractor  
  183  11:20  Overlord x6  
  182  11:32  Drone x2  
  184  11:34  Overlord  
  184  11:35  Overlord  
  148  11:59  Roach x4  
  148  12:00  Roach x6  
  95  12:09  Roach x2  
  95  12:11  Roach x2  
  95  12:22  Ultralisk Cavern  
Tags
 
Add a new tag
Caveats
  • Supply blocks, unpowered buildings, or Contaminate may cause inaccurate times.
  • Supply counts are checked every 10 seconds.